Map: Curious Minds LE

Players

AGOElazer (Elazer) - Winner!

  • Race: Zerg Zerg
  • League: Master

ShoWTimE

  • Race: Protoss Protoss
  • League: Grandmaster

Event: DreamHack SC2 Masters Last Chance 2022

VOD

Have the link to the VOD?

Description

Time

  • Played on: Dec. 19, 2021, 10:20 p.m.
  • Length: 13:24

All games in this series

Show
View Real Time Build Order
Export as new Build Order

AGOElazer Zerg - Winner!

Build Orders: Hatch First 

Get SALT Encoding   

  12  0:00  Drone  
  13  0:12  Overlord  
  13  0:16  Drone  
  14  0:30  Drone x2  
  16  0:48  Hatchery  
  15  0:51  Drone  
  15  0:55  Drone  
  17  0:58  Drone  
  18  1:11  Spawning Pool  
  18  1:15  Drone  
  18  1:24  Drone, Extractor  
  18  1:31  Drone  
  19  1:45  Drone  
  20  1:50  Hatchery  
  20  1:51  Drone  
  20  1:59  Queen  
  22  2:02  Drone  
  22  2:05  Drone  
  24  2:10  Drone  
  24  2:14  Overlord  
  25  2:22  Queen  
  27  2:25  Drone  
  28  2:33  Zergling x4  
  28  2:36  Queen  
  32  2:41  Drone  
  32  2:44  Zergling x4  
  35  2:54  Metabolic Boost  
  35  3:01  Drone, Queen  
  35  3:02  Overlord  
  38  3:05  Drone  
  38  3:06  Drone  
  38  3:10  Drone  
  39  3:21  Drone x3  
  39  3:25  Drone  
  41  3:27  Drone x2  
  41  3:31  Drone x2  
  41  3:32  Drone  
  46  3:37  Spore Crawler  
  46  3:41  Queen  
  47  3:45  Overlord  
  47  3:49  Drone x2  
  47  3:52  Drone  
  50  4:00  Spore Crawler  
  50  4:01  Drone  
  50  4:03  Spore Crawler  
  50  4:05  Drone  
  50  4:06  Drone x4  
  54  4:10  Drone  
  54  4:13  Overlord  
  54  4:14  Drone x2  
  57  4:18  Drone  
  58  4:29  Overlord  
  58  4:31  Queen  
  58  4:33  Zergling x12  
  58  4:37  Extractor  
  58  4:38  Extractor  
  64  4:39  Drone x2  
  68  4:52  Overlord  
  68  4:53  Drone x4  
  68  4:56  Drone x2  
  74  5:01  Overlord  
  74  5:02  Hatchery  
  74  5:05  Drone  
  74  5:08  Extractor  
  74  5:09  Extractor, Roach Warren  
  74  5:10  Drone x3  
  74  5:13  Drone x4  
  78  5:16  Overlord  
  78  5:17  Drone  
  78  5:19  Drone x2  
  80  5:23  Drone x2  
  80  5:24  Spore Crawler  
  80  5:25  Drone  
  82  5:32  Drone x2, Overlord  
  82  5:33  Drone x2  
  82  5:34  Evolution Chamber, Extractor x2  
  83  5:37  Lair  
  83  5:40  Drone x3  
  86  5:43  Drone x2, Extractor  
  86  5:44  Drone  
  86  5:46  Drone  
  86  5:47  Overlord  
  89  5:53  Drone x4  
  89  5:55  Drone  
  89  5:56  Overlord  
  90  6:00  Queen  
  90  6:02  Queen  
  94  6:09  Roach x4  
  102  6:13  Zergling x8  
  102  6:17  Overlord  
  106  6:22  Overlord  
  106  6:23  Zerg Missile Weapons Level 1  
  106  6:26  Baneling Nest  
  105  6:33  Overlord  
  105  6:34  Drone x5  
  105  6:37  Roach x5  
  105  6:39  Overseer  
  120  6:42  Overlord  
  120  6:50  Roach x7  
  120  6:53  Overlord  
  134  6:57  Overlord  
  134  6:59  Zergling x8  
  138  7:05  Overlord  
  138  7:07  Spire  
  137  7:09  Zergling x12  
  137  7:13  Centrifugal Hooks  
  137  7:14  Overlord  
  143  7:20  Overlord  
  143  7:21  Zergling x10  
  149  7:26  Zergling x12  
  155  7:36  Ravager x15  
  170  7:39  Zergling x20  
  180  7:44  Zergling x2  
  180  7:50  Ravager  
  181  7:52  Zergling x12  
  186  7:59  Baneling x12  
  186  8:08  Zergling x12  
  189  8:17  Zergling x14  
  189  8:18  Overlord  
  190  8:24  Baneling x6  
  190  8:25  Baneling x9  
  189  8:28  Baneling x3  
  189  8:34  Extractor  
  189  8:37  Zerg Melee Weapons Level 1  
  187  8:43  Zergling x24  
  187  8:46  Hatchery  
  187  8:47  Baneling x9  
  187  9:05  Zergling x20  
  187  9:06  Zergling x8  
  200  9:13  Infestation Pit, Evolution Chamber  
  198  9:17  Baneling  
  198  9:18  Baneling x15  
  198  9:22  Baneling  
  198  9:23  Baneling x2  
  197  9:31  Extractor  
  194  9:33  Drone x5  
  194  9:34  Spine Crawler x2  
  194  9:35  Drone x3, Spore Crawler  
  194  9:37  Spine Crawler  
  188  9:59  Zerg Missile Weapons Level 2, Hive  
  187  10:04  Roach x3  
  187  10:05  Roach x3  
  187  10:06  Glial Reconstitution  
  198  10:12  Spine Crawler x2  
  198  10:13  Spine Crawler x2  
  194  10:15  Drone x5  
  199  10:36  Zerg Melee Weapons Level 2  
  199  10:46  Spire  
  197  10:50  Baneling x21  
  184  11:11  Viper  
  184  11:12  Viper x2  
  184  11:17  Adrenal Glands  
  193  11:18  Zergling x2  
  193  11:19  Zergling x12  
  200  11:27  Baneling x15  
  200  11:42  Hatchery  
  192  11:52  Zergling x24  
  199  12:09  Baneling x24  
  199  12:10  Baneling x12  
  199  12:14  Overseer x2  
  186  12:29  Zergling x56, Roach  
  168  12:40  Roach x7  
  168  12:41  Roach x8  
  184  12:51  Baneling x12  
  180  13:03  Zergling x2  
  180  13:04  Zergling x8  
Show
View Real Time Build Order
Export as new Build Order

ShoWTimE Protoss 

Build Orders: 1 Gate Expand, Oracle Opening, Zealot Archon 

Get SALT Encoding   

  12  0:00  Probe  
  13  0:12  Probe  
  14  0:17  Pylon  
  14  0:24  Probe (Chrono Boost)  
  15  0:36  Probe (Chrono Boost)  
  15  0:37  Gateway  
  16  0:45  Probe (Chrono Boost)  
  16  0:47  Assimilator  
  17  0:51  Probe  
  18  1:03  Probe  
  19  1:15  Probe  
  20  1:22  Nexus  
  20  1:32  Cybernetics Core  
  20  1:35  Probe  
  21  1:40  Assimilator  
  21  1:47  Probe  
  21  1:50  Pylon  
  22  1:59  Probe  
  23  2:05  Adept (Chrono Boost)  
  25  2:11  Probe  
  26  2:20  Stargate  
  26  2:24  Probe (Chrono Boost)  
  26  2:26  Adept (Chrono Boost)  
  29  2:32  Warp Gate  
  29  2:34  Probe (Chrono Boost)  
  31  2:41  Probe (Chrono Boost)  
  31  2:44  Probe (Chrono Boost)  
  32  2:48  Adept, Probe (Chrono Boost)  
  32  2:49  Probe (Chrono Boost)  
  36  3:00  Probe  
  36  3:01  Probe  
  36  3:02  Pylon  
  36  3:03  Oracle (Chrono Boost)  
  38  3:12  Probe  
  42  3:13  Probe  
  43  3:24  Probe  
  43  3:25  Probe  
  41  3:27  Adept  
  41  3:30  Gateway  
  43  3:35  Oracle (Chrono Boost)  
  43  3:36  Probe  
  43  3:37  Probe  
  48  3:42  Pylon  
  48  3:48  Probe  
  49  3:49  Probe  
  50  3:57  Nexus  
  50  4:00  Probe  
  50  4:01  Probe  
  52  4:04  Pylon  
  52  4:06  Oracle (Chrono Boost)  
  55  4:12  Probe  
  55  4:13  Probe  
  55  4:16  Assimilator  
  57  4:19  Assimilator  
  57  4:22  Adept  
  59  4:26  Probe x2  
  59  4:28  Pylon  
  59  4:29  Adept  
  63  4:36  Robotics Facility  
  63  4:38  Probe  
  64  4:39  Probe  
  64  4:45  Pylon  
  65  4:48  Forge  
  65  4:50  Probe  
  65  4:51  Probe  
  67  4:57  Gateway  
  67  4:59  Gateway  
  67  5:03  Probe (Chrono Boost)  
  67  5:06  Sentry x2  
  72  5:07  Probe (Chrono Boost)  
  72  5:11  Probe (Chrono Boost)  
  73  5:19  Probe (Chrono Boost)  
  73  5:20  Probe (Chrono Boost)  
  73  5:21  Probe (Chrono Boost)  
  76  5:24  Probe (Chrono Boost)  
  76  5:26  Probe x2 (Chrono Boost)  
  76  5:28  Shield Battery  
  79  5:31  Immortal (Chrono Boost)  
  79  5:34  Probe  
  79  5:35  Robotics Bay  
  84  5:38  Probe x2  
  84  5:40  Photon Cannon  
  86  5:46  Probe, Sentry x2  
  91  5:50  Probe x2  
  91  5:58  Probe, Protoss Ground Weapons Level 1 (Chrono Boost)  
  91  6:00  Assimilator  
  91  6:02  Probe x2, Pylon  
  94  6:04  Assimilator  
  94  6:09  Pylon  
  94  6:10  Probe  
  95  6:14  Probe  
  95  6:15  Immortal (Chrono Boost), Probe  
  95  6:16  Pylon  
  95  6:18  Twilight Council  
  98  6:20  Sentry  
  98  6:22  Probe  
  98  6:23  Phoenix  
  101  6:26  Photon Cannon  
  101  6:35  Gateway  
  101  6:39  Gateway  
  101  6:40  Gateway  
  101  6:47  Gateway, Disruptor (Chrono Boost)  
  101  6:52  Stalker  
  101  6:53  Stalker x2  
  110  6:57  Charge  
  110  6:59  Pylon  
  110  7:01  Templar Archives  
  110  7:06  Photon Cannon  
  110  7:11  Phoenix  
  110  7:15  Nexus  
  112  7:17  Disruptor (Chrono Boost)  
  112  7:23  Probe x3  
  115  7:34  Photon Cannon  
  115  7:37  Photon Cannon  
  115  7:38  Gateway  
  115  7:40  Gateway  
  115  7:42  Shield Battery  
  115  7:43  Disruptor (Chrono Boost)  
  115  7:46  Shield Battery  
  115  7:50  Pylon  
  115  7:51  Zealot, High Templar x2  
  122  7:52  Zealot x4  
  122  7:55  Archon  
  132  8:01  Photon Cannon  
  132  8:04  Photon Cannon  
  132  8:08  Phoenix  
  132  8:10  Protoss Ground Weapons Level 2 (Chrono Boost)  
  134  8:14  Pylon  
  134  8:15  Pylon  
  134  8:16  Pylon  
  134  8:31  Disruptor (Chrono Boost), Pylon  
  134  8:33  Pylon  
  137  8:35  Shield Battery  
  137  8:37  Pylon  
  137  8:38  High Templar x2  
  137  8:39  Nexus  
  137  8:40  Pylon  
  141  8:42  Archon  
  141  8:44  High Templar x2  
  145  8:48  Pylon  
  145  8:49  Archon  
  145  8:53  Photon Cannon  
  145  8:59  Warp Prism (Chrono Boost)  
  145  9:01  Sentry  
  147  9:06  Zealot x3  
  152  9:10  Pylon  
  152  9:12  Pylon  
  152  9:14  Pylon  
  152  9:16  Pylon  
  152  9:17  Pylon x2  
  152  9:19  Gateway, Shield Battery  
  152  9:21  Phoenix (Chrono Boost)  
  152  9:28  Nexus  
  152  9:30  Pylon  
  150  9:33  Disruptor (Chrono Boost)  
  150  9:34  High Templar x2  
  157  9:40  Photon Cannon  
  157  9:41  Shield Battery  
  157  9:42  Photon Cannon  
  157  9:43  Phoenix (Chrono Boost), Archon  
  149  9:54  Zealot x4  
  149  9:55  Zealot  
  149  9:58  Zealot  
  158  10:09  High Templar, Pylon  
  158  10:10  High Templar  
  162  10:15  Archon  
  162  10:20  Observer (Chrono Boost)  
  162  10:32  Phoenix  
  164  10:36  Zealot x5  
  164  10:37  Zealot  
  164  10:38  Nexus  
  164  10:40  Pylon  
  164  10:42  Pylon  
  176  10:51  Sentry  
  176  10:52  Stalker x2  
  181  10:57  Sentry  
  165  11:04  Probe x3  
  165  11:08  High Templar x4  
  175  11:12  Photon Cannon, Archon  
  175  11:13  Photon Cannon, Archon  
  175  11:15  Photon Cannon  
  175  11:16  Probe x3  
  178  11:19  Pylon  
  178  11:22  Assimilator  
  178  11:28  Probe x3  
  181  11:33  High Templar x2  
  181  11:37  Archon  
  185  11:42  Stalker x3  
  185  11:44  Probe  
  185  11:45  Probe  
  180  11:49  Probe  
  180  12:01  Archon x2, High Templar x2  
  185  12:02  Archon x5  
  185  12:03  Archon x2  
  185  12:04  Zealot x2  
  185  12:05  Zealot x2  
  192  12:15  Zealot x3  
  181  12:28  Archon  
  113  12:39  Zealot x6  
  104  12:45  Zealot x2  
  104  12:50  Zealot  

Tags
 
Add a new tag
Caveats
  • Supply blocks, unpowered buildings, or Contaminate may cause inaccurate times.
  • Supply counts are checked every 10 seconds.